[Event "Titled Tuesday Blitz December 06 Early 2022"]
[White "Jaskolka, Tomasz"]
[Black "Atakhan, Abtin"]
[WhiteFideId "1170791"]
[BlackFideId "22502203"]
[WhiteElo "2126"]
[BlackElo "2189"]
[Result "0-1"]
[Round "05"]
[TimeControl "180+1"]
[Date "2022.12.07"]
[WhiteClock "0:00:04"]
[BlackClock "0:00:07"]

1. e4 c5 2. Nf3 d6 3. b4 cxb4 4. a3 bxa3 5. d4 Nc6 6. c3 e5 7. Nxa3 Be7 8. Bc4 Nf6 9. O-O h6 10. Re1 a6 11. Nc2 O-O 12. h3 Qc7 13. Bf1 Rd8 14. Bb2 Bf8 15. Qb1 Rb8 16. Ne3 g6 17. Nd5 Nxd5 18. exd5 Ne7 19. dxe5 dxe5 20. Nxe5 Bf5 21. Qa2 Nxd5 22. Bc4 Be6 23. Nxg6 Nxc3 24. Bxc3 Bxc4 25. Qc2 fxg6 26. Qxg6+ Bg7 27. Rac1 Bd3 28. Qg4 Qf7 29. Re3 Bf5 30. Qg3 Rbc8 31. Rce1 Rd7 32. Bxg7 Qxg7 33. Qf4 Bg6 34. Rg3 Rf7 35. Qg4 Rc6 36. h4 h5 37. Qg5 Rcf6 38. f3 Kh7 39. Re5 Rf5 40. Rxf5 Rxf5 41. Qd8 Rf4 42. Kh2 Qf6 43. Qd7+ Bf7 44. Qd3+ Kh6 45. Rh3 Rxh4 46. Qe3+ Qf4+ 47. Qxf4+ Rxf4 48. Kg3 Rf6 49. Rh1 Rg6+ 50. Kf4 b5 51. g4 Rf6+ 52. Ke5 Rxf3 53. gxh5 Rc3 54. Kd4 Rc4+ 55. Kd3 Bxh5 56. Ra1 Rc6 57. Kd4 Bf7 58. Rh1+ Kg7 59. Rg1+ Kf8 60. Rf1 Ke7 61. Ra1 Be6 62. Kd3 Kd6 63. Kd4 Bd5 64. Ra3 Rc4+ 65. Kd3 Bb7 66. Ra1 Kc5 67. Re1 Be4+ 68. Kd2 Kd4 69. Ra1 Rc2+ 70. Kd1 Rc6 71. Kd2 Bd5 72. Ra3 Bc4 73. Ra1 Kc5 74. Kc3 Kb6 75. Kb2 a5 76. Re1 b4 77. Re5 Bd3 78. Kb3 Bb5 79. Rf5 Rc3+ 80. Kb2 a4 81. Rf4 Rc4 82. Rf8 Bc6 83. Rb8+ Kc5 84. Ra8 Rc3 85. Ra5+ Kc4 86. Ra6 a3+ 87. Ka2 Bd5 88. Ra8 Kd3+ 89. Ka1 Rc1# 0-1


[Site "https://www.chess.com"]

[Event "Titled Tuesday Blitz December 06 Early 2022"]
[White "Jimenez Almeida, Luis David"]
[Black "Weetik, Vjacheslav"]
[WhiteFideId "22242244"]
[BlackFideId "4153472"]
[WhiteElo "2158"]
[BlackElo "2469"]
[Result "0-1"]
[Round "05"]
[TimeControl "180+1"]
[Date "2022.12.07"]
[WhiteClock "0:00:02"]
[BlackClock "0:00:07"]

1. e4 c6 2. Nc3 d5 3. Qf3 Nf6 4. e5 Nfd7 5. d4 e6 6. Nh3 h6 7. Qg3 c5 8. dxc5 Nxc5 9. Be3 Nc6 10. Bb5 Bd7 11. Bxc5 Bxc5 12. Qxg7 Rf8 13. O-O Qh4 14. Rae1 O-O-O 15. Qg3 Qb4 16. Bd3 Rg8 17. Qf3 Qh4 18. Kh1 a6 19. Qf4 Rg4 20. Qf6 Qxf6 21. exf6 Bd4 22. f3 Rgg8 23. Nf4 Bxf6 24. Nd1 Kb8 25. c3 Ne5 26. Bc2 Bb5 27. Rf2 Bh4 28. g3 Bf6 29. Kg2 Bh8 30. Rd2 Nc4 31. Rf2 Be5 32. Nd3 Bc7 33. b3 Nd6 34. a4 Bd7 35. Ne3 Bb6 36. Rfe2 Rc8 37. Nd1 Nf5 38. Ne5 Be8 39. Kh3 Ne7 40. g4 Nc6 41. Nd3 Bd7 42. b4 Bc7 43. Nc5 Be8 44. b5 axb5 45. axb5 Na5 46. Nd3 Bd6 47. Ne5 h5 48. Kg3 hxg4 49. fxg4 f6 50. Kf3 fxe5 51. h4 e4+ 52. Ke3 Nc4+ 53. Kd4 Be5# 0-1


[Site "https://www.chess.com"]

[Event "Titled Tuesday Blitz December 06 Early 2022"]
[White "Kim, Sergey"]
[Black "Chernov, Mikhail"]
[WhiteFideId "13700570"]
[BlackFideId "24143170"]
[WhiteElo "2622"]
[BlackElo "2113"]
[Result "1-0"]
[Round "05"]
[TimeControl "180+1"]
[Date "2022.12.07"]
[WhiteClock "0:01:02"]
[BlackClock "0:00:33"]

1. d4 d5 2. c4 c6 3. Nf3 Nf6 4. Qc2 dxc4 5. Qxc4 b5 6. Qc2 Bb7 7. Nbd2 Nbd7 8. e4 e6 9. a4 a6 10. Bd3 Be7 11. O-O h6 12. b3 O-O 13. Bb2 Qb6 14. a5 Qc7 15. Rfc1 Rac8 16. Qd1 Qd8 17. Qe2 Re8 18. h3 c5 19. d5 exd5 20. e5 Bd6 21. Bf5 Bb8 22. Re1 Ne4 23. Nxe4 dxe4 24. Bxe4 Bxe4 25. Qxe4 Qc7 26. Rad1 Nf8 27. Qg4 Ne6 28. Bc1 Kh8 29. Qh5 Qe7 30. Bxh6 gxh6 31. Qxh6+ Kg8 32. Re4 1-0


[Site "https://www.chess.com"]

[Event "Titled Tuesday Blitz December 06 Early 2022"]
[White "Kirillov, Dmitry"]
[Black "Nepo"]
[WhiteFideId "34180572"]
[WhiteElo "2111"]
[BlackElo "2235"]
[Result "1-0"]
[Round "05"]
[TimeControl "180+1"]
[Date "2022.12.07"]
[WhiteClock "0:00:13"]
[BlackClock "0:00:35"]

1. e4 e5 2. Nf3 Nf6 3. Nxe5 d6 4. Nf3 Nxe4 5. Nc3 Nxc3 6. dxc3 Be7 7. Be3 Nc6 8. Qd2 Be6 9. O-O-O Qd7 10. Nd4 Nxd4 11. cxd4 d5 12. Kb1 O-O-O 13. Rc1 Kb8 14. Be2 Rhe8 15. Rhd1 Bd6 16. h3 f5 17. Bf4 Bxf4 18. Qxf4 Qd6 19. g3 Qxf4 20. gxf4 Bf7 21. Bd3 g6 22. Re1 Kc8 23. Re5 Kd7 24. Rce1 c6 25. c3 Kd6 26. h4 h5 27. Kc2 Rxe5 28. fxe5+ Ke6 29. f4 b6 30. b4 b5 31. a4 a6 32. axb5 axb5 33. Ra1 Be8 34. Ra7 Bd7 35. Be2 Rc8 36. Ra6 Rb8 37. Kd2 Ke7 38. Ra7 Ke6 39. Bd3 Ke7 40. Kc1 Ke6 41. Kb2 Ke7 42. Kb3 Ke6 43. Be2 Ke7 44. Bf1 Ke6 45. Bd3 Ke7 46. Ra1 Ke6 47. Be2 Rd8 48. Kb2 Rb8 49. Rg1 Be8 50. Ra1 Bd7 51. Rg1 Be8 52. Rg5 Ra8 53. Bd3 Bf7 54. Be2 Be8 55. Bf3 Bf7 56. Rg1 Be8 57. Ra1 Rxa1 58. Kxa1 Bf7 59. Kb2 Kd7 60. Ka3 Ke6 61. c4 bxc4 62. Ka4 Be8 63. Ka5 Kd7 64. Kb6 Bf7 65. Bd1 Be8 66. Bc2 Ke6 67. Bd1 Kd7 68. Ba4 Ke6 69. Bd1 c3 70. Bb3 Kd7 71. Kc5 Bf7 72. Ba4 Kc7 73. Bc2 Be6 74. Bb3 Bd7 75. b5 cxb5 76. Kxd5 b4 77. e6 Be8 78. Ke5 Kd8 79. d5 Bb5 80. Kd4 Ke7 81. Ke5 Kd8 82. d6 Bd7 83. exd7 Kxd7 84. Kd5 Kd8 85. Bc2 b3 86. Bxb3 Kd7 87. Bc2 Kd8 88. Ke6 Ke8 89. Ke5 Kd7 90. Kd5 Kd8 91. Ke6 Ke8 92. Kf6 Kd7 93. Kxg6 Kxd6 94. Kxf5 Kd5 95. Kg5 Kd4 96. Kxh5 Ke3 97. f5 Kf4 98. f6 Ke3 99. f7 Kd2 100. Bf5 c2 101. Bxc2 Kxc2 102. f8=Q 1-0


[Site "https://www.chess.com"]

[Event "Titled Tuesday Blitz December 06 Early 2022"]
[White "Koellner, Ruben Gideon"]
[Black "Daneshvar, Bardiya"]
[WhiteFideId "12993093"]
[BlackFideId "12576468"]
[WhiteElo "2303"]
[BlackElo "2429"]
[Result "0-1"]
[Round "05"]
[TimeControl "180+1"]
[Date "2022.12.06"]
[WhiteClock "0:00:03"]
[BlackClock "0:00:54"]

1. d4 Nf6 2. Nf3 g6 3. Nbd2 Bg7 4. e4 O-O 5. c3 d6 6. Bc4 a6 7. O-O b5 8. Bb3 c5 9. Re1 Nc6 10. d5 Na5 11. Bc2 e5 12. a4 Bd7 13. b4 Nb7 14. a5 c4 15. Nf1 Kh8 16. Qe2 Ng8 17. N3d2 Qe7 18. f3 Nd8 19. Ne3 f6 20. g4 Bh6 21. Ndf1 Nf7 22. h4 Rae8 23. Ng2 Bxc1 24. Raxc1 Bc8 25. Ng3 Kg7 26. Qe3 Ngh6 27. Kf1 Qc7 28. Ke2 Re7 29. Kd2 Qa7 30. Qxa7 Rxa7 31. Rh1 Rh8 32. Ne3 Re7 33. Rcg1 Ree8 34. Ke2 Ng8 35. Kd2 Ne7 36. Ke2 Reg8 37. Kd2 Kf8 38. Rf1 h5 39. f4 hxg4 40. fxe5 fxe5 41. Bd1 Kg7 42. Bxg4 Nh6 43. Bxc8 Rxc8 44. h5 Rcf8 45. hxg6 Rxf1 46. Rxf1 Kxg6 47. Ngf5 Nhxf5 48. exf5+ Kf7 49. f6 Ng6 50. Nf5 Rh2+ 51. Kc1 Nf4 52. Nxd6+ Kxf6 53. Ne4+ Ke7 54. Kd1 Nxd5 55. Rg1 Ne3+ 56. Ke1 Ra2 57. Rg6 Nd5 58. Rxa6 Nf4 59. Rb6 Ng2+ 60. Kd1 Ne3+ 61. Kc1 Rc2+ 62. Kb1 Rh2 63. Rxb5 Ke6 64. a6 Rh8 65. a7 Ra8 66. Ra5 Kd7 67. b5 Kc7 68. Ra4 Kb6 69. Nd6 Nd5 70. Nxc4+ Kxb5 71. Nb6 Nxb6 72. Re4 Nc4 73. Kc2 Rxa7 74. Kb3 Ra3+ 75. Kc2 Ra2+ 76. Kd3 Rd2# 0-1


[Site "https://www.chess.com"]

[Event "Titled Tuesday Blitz December 06 Early 2022"]
[White "Korchmar, Vasiliy"]
[Black "Kashtanov, Ruslan"]
[WhiteFideId "24131750"]
[BlackFideId "4124871"]
[WhiteElo "2370"]
[BlackElo "2276"]
[Result "1-0"]
[Round "05"]
[TimeControl "180+1"]
[Date "2022.12.07"]
[WhiteClock "0:01:48"]
[BlackClock "0:00:11"]

1. e4 c5 2. Nf3 e6 3. g3 Nc6 4. Bg2 Nf6 5. Qe2 d5 6. exd5 Nxd5 7. O-O Be7 8. Rd1 O-O 9. d4 cxd4 10. Nxd4 Nxd4 11. Rxd4 Bf6 12. Rd1 Qc7 13. c4 Nb6 14. Na3 e5 15. Be3 Be6 16. c5 Nd7 17. Nb5 Qc8 18. Nd6 Qc7 19. Bxb7 Rab8 20. c6 Nb6 21. Nb5 Qe7 22. Nxa7 Rxb7 23. cxb7 Qxb7 24. Bxb6 Qxb6 25. Nb5 Rb8 26. Nc3 Qb7 27. Qe4 Qa7 28. Nd5 Bd8 29. Qxe5 Rxb2 30. Qxb2 1-0


[Site "https://www.chess.com"]

[Event "Titled Tuesday Blitz December 06 Early 2022"]
[White "Kravtsiv, Martyn"]
[Black "Xiong, Jeffery"]
[WhiteFideId "14113147"]
[BlackFideId "2047640"]
[WhiteElo "2695"]
[BlackElo "2726"]
[Result "0-1"]
[Round "05"]
[TimeControl "180+1"]
[Date "2022.12.06"]
[WhiteClock "0:00:01"]
[BlackClock "0:00:28"]

1. e4 c5 2. Nf3 d6 3. Bb5+ Nc6 4. O-O Bd7 5. Re1 Nf6 6. c3 a6 7. Bf1 Bg4 8. h3 Bxf3 9. Qxf3 e6 10. d3 Be7 11. Be3 O-O 12. Nd2 b5 13. a4 b4 14. d4 bxc3 15. bxc3 cxd4 16. cxd4 d5 17. e5 Nd7 18. Rec1 Qb6 19. Qg4 Rfc8 20. Rab1 Nb4 21. Qd1 h6 22. Nb3 Rab8 23. a5 Qa7 24. Rxc8+ Rxc8 25. Rc1 Qb8 26. Rxc8+ Qxc8 27. Qc1 Qb7 28. Qc3 Nc6 29. Qd3 Nb4 30. Qc3 Nc6 31. Qd3 Ndb8 32. f4 Qb4 33. Bd2 Qa4 34. Nc5 Qxd4+ 35. Qxd4 Nxd4 36. Nxa6 Nbc6 37. Bc3 Bd8 38. Nb8 Bxa5 39. Nxc6 Nxc6 40. Bb5 Bxc3 41. Bxc6 g5 42. g3 gxf4 43. gxf4 Bd2 44. f5 Kf8 45. Bd7 Ke7 46. Bc8 Bc3 47. fxe6 fxe6 48. Kf2 Bxe5 49. Kf3 Kd6 50. Kg4 Bc3 51. Kf3 Bd2 52. Bb7 e5 53. Ke2 Bg5 54. Kd3 e4+ 55. Kd4 Bf6+ 56. Ke3 Ke5 57. Ke2 d4 58. Ba6 Kf4 59. Kd2 Kf3 60. Bb7 Bg5+ 0-1


[Site "https://www.chess.com"]

[Event "Titled Tuesday Blitz December 06 Early 2022"]
[White "Krzywda, Andrzej"]
[Black "Aldokhin, Ivan"]
[WhiteFideId "1114565"]
[BlackFideId "24115720"]
[WhiteElo "2149"]
[BlackElo "2313"]
[Result "0-1"]
[Round "05"]
[TimeControl "180+1"]
[Date "2022.12.07"]
[WhiteClock "0:00:03"]
[BlackClock "0:00:03"]

1. d4 Nf6 2. c4 g6 3. Nc3 Bg7 4. Nf3 d6 5. g3 O-O 6. Bg2 Nc6 7. O-O Bf5 8. Ne1 e5 9. d5 Nb8 10. e4 Bg4 11. f3 Bd7 12. Be3 Nh5 13. c5 f5 14. exf5 gxf5 15. cxd6 cxd6 16. f4 exf4 17. gxf4 Nf6 18. Bd4 Na6 19. Nf3 h6 20. Nh4 Ng4 21. Nf3 Re8 22. Bxg7 Kxg7 23. Qd4+ Qf6 24. Rae1 Nc5 25. b4 Qxd4+ 26. Nxd4 Nd3 27. Rd1 Nxb4 28. Rb1 a5 29. a3 Na6 30. Rxb7 Nc5 31. Rc7 Kf6 32. Bh3 Re3 33. Rf3 Rg8 34. Bxg4 Rxg4+ 35. Kf2 Rxc3 36. Rxc3 Rxf4+ 37. Kg3 Rxd4 38. R3xc5 dxc5 39. Rxd7 Ke5 40. Ra7 Rd3+ 41. Kf2 Rxa3 42. Ra6 Kxd5 43. Rxh6 a4 44. Ra6 Ke4 45. h4 f4 46. h5 Ra2+ 47. Ke1 Rh2 48. Rxa4+ Ke5 49. Ra5 Kd4 50. Ra4+ c4 51. Ra5 c3 52. Ra4+ Ke3 53. Kd1 f3 54. Ra8 c2+ 55. Kc1 f2 56. Re8+ Kf3 57. Rf8+ Kg2 58. Rg8+ Kh1 59. Rf8 Kg1 60. Rg8+ Rg2 0-1


[Site "https://www.chess.com"]

[Event "Titled Tuesday Blitz December 06 Early 2022"]
[White "Kuznetsov, Mikhail"]
[Black "Hansen, Eric"]
[WhiteFideId "4117190"]
[BlackFideId "2606771"]
[WhiteElo "1981"]
[BlackElo "2568"]
[Result "0-1"]
[Round "05"]
[TimeControl "180+1"]
[Date "2022.12.07"]
[WhiteClock "0:00:27"]
[BlackClock "0:01:14"]

1. Nf3 d5 2. g3 Nf6 3. Bg2 g6 4. b3 Bg7 5. Bb2 O-O 6. O-O c6 7. c4 Bg4 8. Ne5 Be6 9. d3 Nfd7 10. Nxd7 Bxb2 11. Nxf8 Qxf8 12. Nd2 Bxa1 13. Qxa1 Qg7 14. Qxg7+ Kxg7 15. cxd5 cxd5 16. Rc1 Nc6 17. e3 Nb4 18. d4 Nxa2 19. Rc7 b5 20. Bf1 b4 21. Ba6 Kf8 22. Nf3 f6 23. Bb7 Rd8 24. Ba6 Rd7 25. Rc6 Rd6 26. Rxd6 exd6 27. Kf1 Bg4 28. Nd2 Bd1 29. Ke1 Bc2 30. Bb7 Nc3 31. Ba6 Ke7 32. h4 Kd7 33. Be2 Nxe2 34. Kxe2 a5 35. f3 f5 36. Ke1 Kc6 37. Ke2 Kb5 38. f4 h6 39. Ke1 a4 40. bxa4+ Kxa4 41. Nf3 b3 42. Kd2 Be4 43. Ng1 b2 44. Ne2 Kb3 45. Nc3 Bc2 0-1


[Site "https://www.chess.com"]

[Event "Titled Tuesday Blitz December 06 Early 2022"]
[White "Lamaze, Simon"]
[Black "Bok, Benjamin"]
[WhiteFideId "36069264"]
[BlackFideId "1017063"]
[WhiteElo "2272"]
[BlackElo "2658"]
[Result "0-1"]
[Round "05"]
[TimeControl "180+1"]
[Date "2022.12.07"]
[WhiteClock "0:02:16"]
[BlackClock "0:01:35"]

1. e4 c5 2. Nf3 d6 3. d4 cxd4 4. Nxd4 Nf6 5. Nc3 a6 6. Bd2 Nc6 7. Nxc6 bxc6 8. Bd3 g6 9. Qe2 Bg7 10. O-O O-O 11. Na4 Qc7 12. c4 Nd7 13. Rab1 c5 14. Nc3 e6 15. f4 Bb7 16. b3 Rad8 17. Rbe1 Nb8 18. f5 Be5 19. Bh6 Bxc3 20. f6 Nd7 21. Bg7 d5 22. Qe3 Bd4 0-1


[Site "https://www.chess.com"]

[Event "Titled Tuesday Blitz December 06 Early 2022"]
[White "Larina, Maria"]
[Black "Kyaw Lay Htaik"]
[WhiteFideId "24113182"]
[BlackFideId "13002007"]
[WhiteElo "1848"]
[BlackElo "2261"]
[Result "0-1"]
[Round "05"]
[TimeControl "180+1"]
[Date "2022.12.07"]
[WhiteClock "0:00:15"]
[BlackClock "0:00:36"]

1. e4 c5 2. Nc3 Nc6 3. g3 g6 4. Bg2 Bg7 5. Nge2 d6 6. d3 Nf6 7. O-O O-O 8. Be3 Ng4 9. Bg5 h6 10. Bd2 Rb8 11. h3 Nf6 12. f4 e6 13. g4 Nd7 14. Ng3 Nd4 15. f5 Ne5 16. Nce2 Nxe2+ 17. Qxe2 Kh7 18. c3 Bd7 19. Kh2 Bb5 20. c4 Bd7 21. Bc3 b5 22. b3 Nxg4+ 23. hxg4 Bxc3 24. Rad1 Qh4+ 25. Bh3 Be5 26. Qf3 exf5 27. exf5 gxf5 28. Kg2 Bc6 29. Ne4 fxe4 30. dxe4 Kg8 31. Qf5 Qg3+ 32. Kh1 Qh2# 0-1


[Site "https://www.chess.com"]

[Event "Titled Tuesday Blitz December 06 Early 2022"]
[White "Lauridsen, Jesper Morch"]
[Black "Pein, Jonathan"]
[WhiteFideId "1401890"]
[BlackFideId "417092"]
[WhiteElo "2259"]
[BlackElo "2225"]
[Result "0-1"]
[Round "05"]
[TimeControl "180+1"]
[Date "2022.12.07"]
[WhiteClock "0:00:11"]
[BlackClock "0:00:18"]

1. e4 c6 2. d4 d5 3. exd5 cxd5 4. c4 g6 5. Nc3 Nf6 6. Nf3 Bg4 7. cxd5 Nxd5 8. Bb5+ Nc6 9. Qa4 Rc8 10. Ne5 Nxc3 11. bxc3 Bd7 12. Nxc6 bxc6 13. Ba6 Rb8 14. Bf4 Rb6 15. O-O Bg7 16. Bc4 O-O 17. Qxa7 Rb2 18. Qc7 Qxc7 19. Bxc7 Bf5 20. Ba5 e5 21. Bb4 Ra8 22. dxe5 Bxe5 23. Rfe1 Bf6 24. a4 c5 25. Bxc5 Bxc3 26. Rec1 Rc2 27. Rxc2 Bxc2 28. Rc1 Rxa4 29. Bf1 Ra2 30. Bc4 Ra1 31. Rxa1 Bxa1 32. f3 h5 33. Kf2 Kg7 34. Ke3 Kf6 35. Bd4+ Bxd4+ 36. Kxd4 Bf5 37. Ke3 g5 38. h3 h4 39. Kf2 Be6 40. Bd3 Ke5 41. g3 Bxh3 42. gxh4 gxh4 43. Bh7 Bf5 44. Kg2 Bxh7 0-1


[Site "https://www.chess.com"]

[Event "Titled Tuesday Blitz December 06 Early 2022"]
[White "Lawson, Eric"]
[Black "Kamsky, Gata"]
[WhiteFideId "2604116"]
[BlackFideId "2000024"]
[WhiteElo "2577"]
[BlackElo "2666"]
[Result "1/2-1/2"]
[Round "05"]
[TimeControl "180+1"]
[Date "2022.12.07"]
[WhiteClock "0:00:20"]
[BlackClock "0:00:06"]

1. d4 Nf6 2. Bg5 Ne4 3. Bf4 d5 4. e3 c6 5. Bd3 Qb6 6. Qc1 Qa5+ 7. c3 Bf5 8. Qc2 Bg6 9. h4 Nf6 10. f3 Bxd3 11. Qxd3 e6 12. h5 h6 13. Nd2 c5 14. Ne2 Nc6 15. a3 Qb6 16. b4 c4 17. Qb1 a6 18. a4 Be7 19. e4 O-O-O 20. e5 Nd7 21. Bh2 Bh4+ 22. g3 Be7 23. f4 f5 24. g4 fxg4 25. Qg6 Bh4+ 26. Bg3 Bxg3+ 27. Nxg3 Ne7 28. Qxg4 Rhg8 29. f5 exf5 30. Nxf5 Nxf5 31. Qxf5 g6 32. hxg6 Rxg6 33. O-O-O Rf8 34. Qh3 Qc6 35. Rdf1 Re8 36. Rf7 Qxa4 37. Kb2 Qc6 38. Rhf1 a5 39. bxa5 Qb5+ 40. Kc2 Qa4+ 41. Kc1 Qa3+ 42. Kc2 Qa4+ 43. Kc1 Qa3+ 44. Kc2 Qa4+ 1/2-1/2


[Site "https://www.chess.com"]

[Event "Titled Tuesday Blitz December 06 Early 2022"]
[White "Laylo, Darwin"]
[Black "Holt, Conrad"]
[WhiteFideId "5201330"]
[BlackFideId "2034387"]
[WhiteElo "2335"]
[BlackElo "2592"]
[Result "0-1"]
[Round "05"]
[TimeControl "180+1"]
[Date "2022.12.06"]
[WhiteClock "0:00:02"]
[BlackClock "0:00:37"]

1. e4 e6 2. d4 d5 3. exd5 exd5 4. c4 Bb4+ 5. Nc3 Ne7 6. Nf3 Nbc6 7. Bd2 Bg4 8. a3 Bxc3 9. Bxc3 O-O 10. h3 Bh5 11. Be2 dxc4 12. O-O b5 13. a4 a6 14. axb5 axb5 15. Rxa8 Qxa8 16. d5 Rd8 17. Nd4 Bxe2 18. Qxe2 Rxd5 19. Nxc6 Nxc6 20. Qf3 Rd6 21. Be5 Re6 22. Bxc7 Qe8 23. Qd5 Nb4 24. Qb7 Nd3 25. Kh2 Re1 26. Rxe1 Nxe1 27. Qb6 h6 28. Qd4 Qc6 29. Qd8+ Kh7 30. f3 Nd3 31. Qe7 Qe6 32. Qa3 b4 33. Qa4 b3 34. Qa1 Qe2 35. Qa4 Ne1 36. Kg3 Qxg2+ 37. Kf4 Qxf3+ 38. Ke5 Qg3+ 39. Kd4 Qxc7 0-1


[Site "https://www.chess.com"]

[Event "Titled Tuesday Blitz December 06 Early 2022"]
[White "Lehtosaari, Mauri"]
[Black "Kazakouski, Valery"]
[WhiteFideId "501999"]
[BlackFideId "13507443"]
[WhiteElo "2506"]
[BlackElo "2516"]
[Result "0-1"]
[Round "05"]
[TimeControl "180+1"]
[Date "2022.12.07"]
[WhiteClock "0:00:06"]
[BlackClock "0:00:04"]

1. d4 d5 2. Nf3 Nf6 3. Bg5 c6 4. e3 Bf5 5. c4 e6 6. Nc3 Nbd7 7. Qb3 Qb6 8. c5 Qxb3 9. axb3 a6 10. b4 Rc8 11. h3 Be7 12. Be2 Bd8 13. O-O Bc7 14. Bf4 Bxf4 15. exf4 Ne4 16. Rfd1 h6 17. Ne1 Ke7 18. f3 Ng3 19. Bd3 h5 20. Kf2 h4 21. Nc2 Bxd3 22. Rxd3 Nh5 23. Ne2 Nf8 24. Ne3 f5 25. Re1 Ng6 26. Rd2 Kf6 27. Nd1 Ngxf4 28. Nxf4 Nxf4 29. Nc3 Rce8 30. Ne2 Nh5 31. f4 Rhg8 32. Rd3 g5 33. fxg5+ Rxg5 34. Rf3 Reg8 35. Rg1 Re8 36. Re1 e5 37. dxe5+ Rxe5 38. Rf1 Rxe2+ 39. Kxe2 Ng3+ 40. Kf2 Nxf1 41. Kxf1 Rg8 42. Rf4 Kg5 43. Rf3 Re8 44. g3 Re4 45. gxh4+ Rxh4 46. Rg3+ Kf6 47. Rb3 d4 48. Kg2 Re4 49. Kf3 Ke5 50. Rd3 f4 51. h4 Re3+ 52. Rxe3+ fxe3 53. h5 Kf6 54. Kg4 e2 0-1


[Site "https://www.chess.com"]

[Event "Titled Tuesday Blitz December 06 Early 2022"]
[White "Lenderman, Aleksandr"]
[Black "Predke, Alexandr"]
[WhiteFideId "2021285"]
[BlackFideId "24107581"]
[WhiteElo "2607"]
[BlackElo "2616"]
[Result "0-1"]
[Round "05"]
[TimeControl "180+1"]
[Date "2022.12.06"]
[WhiteClock "0:01:30"]
[BlackClock "0:00:56"]

1. d4 d5 2. c4 e6 3. Nf3 Nf6 4. e3 Be7 5. Nc3 O-O 6. b3 c5 7. dxc5 Bxc5 8. cxd5 exd5 9. Bd3 Nc6 10. O-O Bg4 11. Be2 a6 12. Bb2 Ba7 13. h3 Bh5 14. Nh4 Bg6 15. Nxg6 hxg6 16. Bf3 d4 17. exd4 Bxd4 18. Bxc6 bxc6 19. Na4 c5 20. Rc1 Qd6 21. Qf3 Rad8 22. Rfd1 Qe7 23. Bxd4 cxd4 24. Rc4 Rfe8 25. Rcxd4 Rxd4 26. Rxd4 Qe1+ 27. Kh2 Re2 28. Rd8+ Kh7 29. Qa8 g5 30. Nc5 Qxf2 31. Rh8+ Kg6 32. Nd3 Qe3 33. Qd8 Rd2 0-1


[Site "https://www.chess.com"]

[Event "Titled Tuesday Blitz December 06 Early 2022"]
[White "Levine, David"]
[Black "Shubenkova, Veronika"]
[WhiteFideId "2011611"]
[BlackFideId "44124040"]
[WhiteElo "2194"]
[BlackElo "2027"]
[Result "0-1"]
[Round "05"]
[TimeControl "180+1"]
[Date "2022.12.07"]
[WhiteClock "0:00:01"]
[BlackClock "0:01:56"]

1. d4 d5 2. c4 e6 3. g3 Nf6 4. Nf3 Be7 5. Bg2 O-O 6. O-O c6 7. Qc2 Nbd7 8. Nbd2 Re8 9. e4 dxe4 10. Nxe4 Nxe4 11. Qxe4 Nf6 12. Qc2 b6 13. Rd1 Bb7 14. c5 Nd5 15. Ne5 Qc7 16. Rb1 bxc5 17. Bxd5 cxd5 18. Nd3 c4 19. Bf4 Qb6 20. Ne5 Bf6 21. Nd7 Qc6 22. Nxf6+ gxf6 23. Qe2 Kf8 24. Qh5 Ke7 25. Qxh7 Rh8 26. Qc2 Rag8 27. b3 Rh4 28. Be3 f5 29. Kf1 Rxh2 30. Qb2 Rxg3 31. Qa3+ Kf6 32. fxg3 c3 0-1


[Site "https://www.chess.com"]

[Event "Titled Tuesday Blitz December 06 Early 2022"]
[White "Liu, Xiangyi"]
[Black "Ovchinnikov, Vsevolod"]
[WhiteFideId "8605718"]
[BlackFideId "24176842"]
[WhiteElo "2323"]
[BlackElo "2376"]
[Result "0-1"]
[Round "05"]
[TimeControl "180+1"]
[Date "2022.12.07"]
[WhiteClock "0:00:01"]
[BlackClock "0:00:07"]

1. e4 g6 2. Nf3 Bg7 3. Bc4 d6 4. O-O Nf6 5. Re1 O-O 6. Nc3 Bg4 7. h3 Bxf3 8. Qxf3 Nc6 9. Qd1 Nd7 10. a4 e6 11. Ne2 Qf6 12. Ra3 a6 13. Ng3 h5 14. c3 h4 15. Nf1 Na5 16. Be2 c5 17. Ne3 Rfd8 18. Rf1 Nc6 19. f4 Qe7 20. Qe1 Re8 21. Bf3 Rad8 22. d3 Nb6 23. Qf2 a5 24. Bd2 d5 25. exd5 Nxd5 26. Nxd5 exd5 27. Raa1 Bf6 28. Rfe1 Qd6 29. Rxe8+ Rxe8 30. Re1 Rxe1+ 31. Qxe1 Ne7 32. Bg4 b6 33. Qe2 Kg7 34. Be1 Nf5 35. Qf3 Qe6 36. Bf2 Qd6 37. Bxf5 gxf5 38. Kf1 Kg6 39. g3 hxg3 40. Qxg3+ Kh7 41. h4 Qe6 42. Qf3 Kg6 43. Qg2+ Kh7 44. h5 Be7 45. Qh3 Kh6 46. Bh4 Bxh4 47. Qxh4 f6 48. Kf2 d4 49. Qg3 Kxh5 50. Qf3+ Kg6 51. c4 Kf7 52. Kg2 Kg6 53. Kh3 Kh6 54. Kh4 Kg7 55. Qg3+ Kh7 56. Qh2 Kg6 57. Qg3+ Kh7 58. Qf3 Kg6 59. Kg3 Kg7 60. Kf2 Kf8 61. Qb7 Kg8 62. Kf1 Kf8 63. Qc7 Ke8 64. b3 Kf8 65. Qh7 Ke8 66. Qh8+ Ke7 67. Qh3 Kf8 68. Qf3 Kg7 69. Kg2 Kh7 70. Kh3 Kh6 71. Qg3 Kh7 72. Qh4+ Kg6 73. Qg3+ Kf7 74. Qf3 Kg6 75. Kh4 Kh6 76. Kg3 Kg7 77. Kg2 Kg6 78. Qd5 Qe2+ 79. Kg1 Qe3+ 80. Kg2 Qd2+ 81. Kg1 Qe1+ 82. Kg2 Qe2+ 83. Kg1 Qe3+ 84. Kg2 Qxf4 85. Qg8+ Kh5 86. Qh7+ Qh6 87. Qc7 Qg5+ 88. Kh2 Kg4 89. Qg3+ Kh5 90. Qd6 Kh4 91. Qc7 Qd2+ 92. Kg1 Qe1+ 93. Kg2 Qe2+ 94. Kg1 Qe3+ 95. Kg2 Qd2+ 96. Kg1 Qg5+ 97. Kh2 Kh5 98. Kh1 f4 99. Qh7+ Kg4 100. Kg2 f3+ 0-1


[Site "https://www.chess.com"]

[Event "Titled Tuesday Blitz December 06 Early 2022"]
[White "Makhmudov, Shukhrat"]
[Black "Goltsev, Dmitry"]
[WhiteFideId "14200775"]
[BlackFideId "24176710"]
[WhiteElo "2135"]
[BlackElo "2327"]
[Result "0-1"]
[Round "05"]
[TimeControl "180+1"]
[Date "2022.12.07"]
[WhiteClock "0:01:44"]
[BlackClock "0:02:56"]

1. e4 e6 2. d4 d5 3. exd5 exd5 4. Nf3 Nf6 5. Bd3 Bd6 6. O-O O-O 7. h3 c5 8. dxc5 Bxc5 9. Bg5 h6 10. Bh4 Qd6 11. Nc3 g5 12. Bg3 Qxg3 13. Na4 Bxh3 14. Ne1 Ng4 15. Qxg4 Bxg4 16. Nxc5 Qd6 17. Nb3 Nc6 18. c3 Rfe8 19. f3 Be6 20. Nc2 Ne5 21. Be2 Bf5 22. Ncd4 Bd3 23. Rae1 Bxe2 24. Rxe2 Nc4 25. Rfe1 Rxe2 26. Rxe2 Kf8 27. Nf5 Qb6+ 28. Nbd4 Re8 29. Rxe8+ Kxe8 30. b3 Nd6 31. Kh2 Nxf5 32. Nxf5 Qc7+ 33. Kh3 Qxc3 34. b4 Qxb4 35. a4 Qxa4 36. g4 Qf4 37. Kg2 a5 0-1


[Site "https://www.chess.com"]

[Event "Titled Tuesday Blitz December 06 Early 2022"]
[White "Manon-og, Ramon Jr."]
[Black "Rakhmatullaev, Almas"]
[WhiteFideId "5200776"]
[BlackFideId "14205793"]
[WhiteElo "2363"]
[BlackElo "2221"]
[Result "0-1"]
[Round "05"]
[TimeControl "180+1"]
[Date "2022.12.07"]
[WhiteClock "0:00:03"]
[BlackClock "0:00:24"]

1. e4 e5 2. Nf3 Nf6 3. Nxe5 Nxe4 4. Nc3 Nxc3 5. dxc3 d6 6. Nf3 Be7 7. Bd3 O-O 8. h3 Re8 9. O-O h6 10. Bf4 Nd7 11. Qd2 Nf8 12. Rfe1 Be6 13. Nd4 Bf6 14. Nxe6 fxe6 15. Re2 Qd7 16. Rae1 Re7 17. Qe3 b6 18. Qg3 Kh8 19. Qf3 Rae8 20. Bxh6 Rf7 21. Bd2 d5 22. Qh5+ Kg8 23. Re3 e5 24. Bf5 Qd6 25. Rg3 e4 26. Rg4 Re5 27. Bf4 Rxf5 28. Qxf5 Qe6 29. Qh5 c6 30. Bg5 Qf5 31. Rg3 Ne6 32. Qg4 Bxg5 33. Qxf5 Rxf5 34. Re2 Nf4 35. Re1 Bf6 36. Rg4 Kf7 37. c4 Bxb2 38. cxd5 cxd5 39. Rd1 Bf6 40. Kh2 Ne2 41. f3 e3 42. g3 Rxf3 43. Rxd5 Rf2+ 44. Kh1 Nc3 45. Rd7+ Ke6 46. Rxa7 e2 0-1


[Site "https://www.chess.com"]